 Seeded DCSS version 0.31-a0-544-gceb718ecc6 (webtiles) character file.

Game seed: 3826825538972431165 (custom seed)

161 innerfire43 the Trooper (level 5, -1/36 (42) HPs)
             Began as a Demonspawn Monk on Aug 15, 2023.
             Slain by an orc
             ... wielding a +1 flail of draining
              (3 damage)
             ... on level 3 of the Dungeon.
             The game lasted 00:02:36 (1432 turns).

innerfire43 the Trooper (Demonspawn Monk)           Turns: 1432, Time: 00:02:36

HP:   -1/36 (42)    AC: 19    Str: 13    XL:     5   Next: 19%
MP:   5/5           EV:  4    Int: 11    God:
Gold: 234           SH:  0    Dex: 16    Spells: 4/4 levels left

rFire   . . .        a - +0 spear
rCold   . . .        d - orb {light}
rNeg    . . .        t - +0 plate armour
rPois   .            q - +0 helmet
rElec   .            (no cloak)
rCorr   +            (no gloves)
SInv    .            e - +1 pair of boots of the Pits of Slime {Contam Regen+ rCorr}
Will    .....        (no amulet) Stlth
                     (no ring)
HPRegen 1.06/turn    (no ring)
MPRegen 0.09/turn

%: no passive effects
@: confused, ambrosia-drunk, glowing, heavily drained
A: molten scales 1, icemail 1, condensation shield
a: no special abilities


You were on level 3 of the Dungeon.
You visited 1 branch of the dungeon, and saw 3 of its levels.

You collected 234 gold pieces.

Inventory:

Hand Weapons
 a - a +0 spear (weapon)
Armour
 b - a +0 robe
 d - an orb of light (worn)
 e - the +1 pair of boots of the Pits of Slime (worn) {Contam Regen+ rCorr}
   (You acquired it on level 1 of the Dungeon)

   Contam:    It causes magical contamination when unequipped.
   Regen+:    It increases your rate of health regeneration.
   rCorr:     It protects you from acid and corrosion.
 q - a +0 helmet (worn)
 t - a +0 plate armour (worn)
Jewellery
 p - a ring of protection from cold
Scrolls
 f - 2 scrolls of vulnerability {unknown}
 g - a scroll of amnesia {unknown}
 h - a scroll of brand weapon {unknown}
 j - 2 scrolls of identify {unknown}
 k - 3 scrolls of noise {unknown}
 n - a scroll of torment {unknown}
 r - a scroll of enchant armour {unknown}
Potions
 i - 2 potions of mutation {unknown}
 l - 2 potions of curing {unknown}
 m - a potion of cancellation {unknown}
 o - a potion of brilliance {unknown}
 s - a potion of enlightenment {unknown}
 u - a potion of invisibility {unknown}


   Skills:
 + Level 4.1 Fighting
 + Level 3.6 Polearms
 * Level 1.0 Armour
 + Level 3.7 Dodging


You had 4 spell levels left.
You didn't know any spells.
Your spell library was empty.

Dungeon Overview and Level Annotations

Branches:
Dungeon (3/15)

Altars:


Innate Abilities, Weirdness & Mutations

You are partially covered in molten scales. (AC +2)
A meltable icy envelope protects you from harm. (AC +4)
A meltable shield of frost defends you. (SH +4)


Message History

The orc priest mumbles some strange prayers to Beogh against you.
Beogh smites you! The orc hits you but does no damage.
Unknown command.
You hit the orc.
The orc is severely wounded.
The orc hits you with a +0 dagger.
You hit the orc.
You kill the orc!
The orc throws a boomerang.
The boomerang hits you but does no damage.
Unknown command.
A kobold comes into view. It is wielding a +0 club.
The orc hits you but does no damage.
You feel drained.
The orc priest calls down the wrath of Beogh upon you.
Beogh smites you!
* * * LOW HITPOINT WARNING * * *
Items here: )) [ †.
The kobold shouts!
You hit the orc.
The orc is severely wounded.
The orc hits you but does no damage.
You feel drained.
You hit the orc but do no damage.
The orc is severely wounded.
The orc hits you but does no damage.
You feel drained.
Unknown command.
You barely miss the orc.
The orc is severely wounded.
The orc hits you with a +1 flail of draining.
* * * LOW HITPOINT WARNING * * *
You feel drained.
You hit the orc but do no damage.
The orc is severely wounded.
The orc hits you but does no damage.
You feel drained.
Unknown command.
You are confused.
You feel invigorated.
The orc hits you with a +1 flail of draining!
* * * LOW HITPOINT WARNING * * *
You feel drained.
You die...

....... #)####### .......
#.......## .......
###....... ..... #######
#.###... .†.
#.....#####.#....# #.###
#.....##....#....#
...##)..###...........+....#
#......K.###.###.....#....#
#..>....oo@..........###+##
#........###>.###....#
..........# #### #....#
###........# #....#
#........# #....# #........#
###### ####.##### #. #


You could see an orc priest, an orc and a kobold.

Vanquished Creatures
  Jessica (D:2)
  Robin (D:2)
  2 adders (D:2)
  4 gnolls (D:3)
  A dart slug (D:1)
  3 orcs (D:3)
  4 bats
  6 endoplasms
  3 giant cockroaches (D:1)
  11 goblins
  6 hobgoblins
  2 jackals (D:2)
  3 kobolds
  A quokka (D:2)
  3 ball pythons
  2 frilled lizards
  5 rats
58 creatures vanquished.

Notes
Turn   | Place    | Note
-------+----------+-------------------------------------------
     0 | D:1      | innerfire43 the Demonspawn Monk began the quest for the
                  | Orb.
     0 | D:1      | Reached XP level 1. HP: 18/18 MP: 1/1
   197 | D:1      | Identified a scroll of acquirement
   197 | D:1      | Acquired the +1 pair of boots of the Pits of Slime {Contam
                  | Regen+ rCorr}
   229 | D:1      | Gained mutation: A meltable shield of frost defends you.
                  | (SH +4) [demonic ancestry]
   229 | D:1      | Reached XP level 2. HP: 23/24 MP: 2/2
   652 | D:2      | Gained mutation: You are partially covered in molten
                  | scales. (AC +2) [demonic ancestry]
   652 | D:2      | Reached XP level 3. HP: 28/29 MP: 3/3
   882 | D:2      | Noticed Robin
   919 | D:2      | Reached XP level 4. HP: 24/37 MP: 4/4
   922 | D:2      | Killed Robin
  1120 | D:2      | Noticed Jessica
  1125 | D:2      | Killed Jessica
  1126 | D:2      | Reached skill level 4 in Fighting
  1360 | D:3      | Gained mutation: A meltable icy envelope protects you from
                  | harm. (AC +4) [demonic ancestry]
  1360 | D:3      | Reached XP level 5. HP: 42/42 MP: 5/5
  1424 | D:3      | Reached skill level 1 in Armour
  1432 | D:3      | Slain by an orc

Illustrated notes

Levels and vault maps discovered:
D:1:      roderic_crop_circles_arrival_large, layout_basic
D:2:      layout_basic, minmay_distorted, uniq_robin, uniq_jessica
D:3:      layout_basic, minivault_24, minmay_box_of_dots

Skill      XL: |  1  2  3  4  5 |
---------------+----------------+-----
Dodging        | 3 |  3.7
Polearms       | 3 |  3.6
Fighting       | 4 |  4.1
Armour         | 1 |  1.0

Action                     |  1- 3 |  4- 6 || total
---------------------------+-------+-------++-------
  Melee: Spear             |   124 |    89 ||   213
    Use: Scroll            |     1 |       ||     1
         Potion            |       |     1 ||     1
 Armour: Robe              |    21 |     6 ||    27
         Plate armour      |       |    38 ||    38
  Dodge: Dodged            |    66 |    18 ||    84
  Block: Orb               |    10 |     8 ||    18

Table legend: (Time is in decaauts)
 A = Elapsed time spent in this place.
 B = Non-inter-level travel time spent in this place.
 C = Inter-level travel time spent in this place.
 D = Time resting spent in this place.
 E = Time spent auto-exploring this place.
 F = Levels seen in this place.
 G = Mean time per level.
                   A        B        C        D        E       F      G
               +--------+--------+--------+--------+--------+-----+--------+
         Total |   1418 |   1359 |     59 |      0 |    988 |   3 |  472.7 |
       Dungeon |   1418 |   1359 |     59 |      0 |    988 |   3 |  472.7 |
               +--------+--------+--------+--------+--------+-----+--------+

Top non-repeatable levels by time:
     D:1: 641 daAuts
     D:2: 583 daAuts
     D:3: 194 daAuts
